3216 views
Uploaded 2020-04-19 12:42:00
Game version 1.32.3
16:30 long 2on2 ladder game on (4)Avalanche_LV
Saved by zebroni
3216 views
Uploaded 2020-04-19 12:42:00
Game version 1.32.3
16:30 long 2on2 ladder game on (4)Avalanche_LV
55 units @ 7.5k
/ 1.1k
24 buildings @ 3.9k
/ 1.3k


| Healing Salve | 3 | 300 |
| Lesser Clarity Potion | 3 | 210 |
| Scroll of Speed | 2 | 100 |
| Scroll of Healing | 2 | 500 |
| Scroll of Town Portal | 1 | 350 |
| total: | 11 | 1460g |
| Peon | 8 | 600 | / | 0 |
| Grunt | 8 | 1600 | / | 0 |
| Shaman | 5 | 650 | / | 100 |
| Demolisher | 4 | 880 | / | 200 |
| total: | 25 | 3730g | / | 300w |
| Altar of Storms | 1 | 180 | / | 50 |
| Orc Burrow | 5 | 800 | / | 200 |
| Barracks | 1 | 180 | / | 50 |
| Voodoo Lounge | 1 | 130 | / | 30 |
| War Mill | 1 | 205 | / | 0 |
| Spirit Lodge | 1 | 150 | / | 150 |
| Stronghold | 1 | 315 | / | 190 |
| Fortress | 1 | 325 | / | 190 |
| total: | 10 | 1645g | / | 480w |
| 0:01 | Peon |
| 0:01 | Peon |
| 0:06 | Altar of Storms |
| 0:18 | Orc Burrow |
| 0:24 | Peon |
| 0:33 | Barracks |
| 0:41 | Peon |
| 0:53 | Peon |
| 1:15 | Peon |
| 1:22 | Peon |
| 1:28 | Orc Burrow |
| 1:37 | Grunt |
| 1:51 | Peon |
| 2:07 | Feral Spirit |
| 2:16 | Voodoo Lounge |
| 2:19 | Grunt |
| 2:51 | Stronghold |
| 3:23 | Grunt |
| 3:36 | Orc Burrow |
| 3:58 | Grunt |
| 4:27 | War Mill |
| 4:41 | Grunt |
| 5:15 | Frost Arrows |
| 5:21 | Berserker Strength |
| 5:45 | Spirit Lodge |
| 5:59 | Chain Lighting |
| 6:27 | Orc Burrow |
| 6:42 | Grunt |
| 6:45 | Spiked Barricades |
| 6:49 | Reinforced Defenses |
| 7:31 | Shaman |
| 7:31 | Shaman |
| 7:33 | Grunt |
| 7:37 | Orc Burrow |
| 7:42 | Healing Salve |
| 7:50 | Forked Lightning |
| 7:51 | Lesser Clarity Potion |
| 7:56 | Scroll of Speed |
| 8:44 | Shaman |
| 8:45 | Grunt |
| 9:01 | Healing Salve |
| 9:01 | Lesser Clarity Potion |
| 9:01 | Scroll of Speed |
| 9:23 | Scroll of Healing |
| 9:29 | Pillage |
| 9:37 | Witch Doctor Adept Training |
| 9:38 | Shaman Adept Training |
| 10:28 | Scroll of Town Portal |
| 10:33 | Lesser Clarity Potion |
| 10:33 | Healing Salve |
| 10:42 | Shaman |
| 11:18 | Scroll of Healing |
| 11:27 | Demolisher |
| 12:21 | Demolisher |
| 12:22 | Shaman |
| 13:09 | Demolisher |
| 13:11 | Fortress |
| 14:18 | Feral Spirit |
| 14:38 | Frost Arrows |
| 15:18 | Demolisher |
| 16:14 | Forked Lightning |
| 16:22 | Chain Lighting |

| Potion of Healing | 1 | 150 |
| Lesser Clarity Potion | 1 | 70 |
| total: | 2 | 220g |
| Wisp | 18 | 1080 | / | 0 |
| Huntress | 3 | 585 | / | 60 |
| Dryad | 5 | 725 | / | 300 |
| Mountain Giant | 4 | 1400 | / | 400 |
| total: | 30 | 3790g | / | 760w |
| Altar of Elders | 1 | 180 | / | 50 |
| Moon Well | 7 | 1260 | / | 280 |
| Ancient of War | 1 | 150 | / | 60 |
| Hunter's Hall | 1 | 210 | / | 100 |
| Ancient of Wonders | 2 | 180 | / | 60 |
| Ancient of Lore | 2 | 310 | / | 290 |
| Tree of Ages | 1 | 320 | / | 180 |
| Tree of Eternity | 1 | 330 | / | 200 |
| total: | 14 | 2290g | / | 840w |
| 0:07 | Wisp |
| 0:07 | Wisp |
| 0:17 | Altar of Elders |
| 0:23 | Moon Well |
| 0:25 | Wisp |
| 0:25 | Wisp |
| 0:30 | Wisp |
| 0:30 | Wisp |
| 0:30 | Wisp |
| 0:44 | Wisp |
| 0:44 | Wisp |
| 0:44 | Wisp |
| 0:50 | Wisp |
| 0:50 | Wisp |
| 1:11 | Wisp |
| 1:11 | Wisp |
| 1:38 | Wisp |
| 2:02 | Ancient of War |
| 2:09 | Hunter's Hall |
| 2:23 | Moon Well |
| 2:28 | Entangling Roots |
| 3:10 | Tree of Ages |
| 3:16 | Huntress |
| 3:20 | Ultravision |
| 3:34 | Huntress |
| 3:51 | Huntress |
| 4:10 | Moon Well |
| 5:36 | Ancient of Lore |
| 5:38 | Wisp |
| 5:38 | Wisp |
| 5:57 | Wisp |
| 6:00 | Ancient of Lore |
| 6:05 | Moon Well |
| 6:21 | Tree of Eternity |
| 6:26 | Ancient of Wonders |
| 6:41 | Force of Nature |
| 6:51 | Abolish Magic |
| 7:00 | Dryad |
| 7:03 | Moon Well |
| 7:26 | Dryad |
| 7:44 | Dryad |
| 7:54 | Dryad |
| 8:31 | Dryad |
| 8:44 | Hardened Skin |
| 8:45 | Resistant Skin |
| 8:47 | Force of Nature |
| 9:09 | Mountain Giant |
| 9:44 | Moon Well |
| 9:55 | Potion of Healing |
| 9:56 | Lesser Clarity Potion |
| 11:06 | Ancient of Wonders |
| 12:21 | Mountain Giant |
| 12:27 | Entangling Roots |
| 12:59 | Mountain Giant |
| 13:11 | Reinforced Hides |
| 13:33 | Moon Well |
| 14:47 | Mountain Giant |
| 15:59 | Force of Nature |
62 units @ 9.2k
/ 1.2k
39 buildings @ 4k
/ 1.4k


| Scroll of Regeneration | 1 | 100 |
| Potion of Healing | 1 | 150 |
| Scroll of Town Portal | 3 | 1050 |
| total: | 5 | 1300g |
| Peasant | 10 | 750 | / | 0 |
| Rifleman | 14 | 2870 | / | 420 |
| Mortar Team | 5 | 900 | / | 350 |
| total: | 29 | 4520g | / | 770w |
| Scout Tower | 2 | 60 | / | 40 |
| Arcane Tower | 1 | 70 | / | 50 |
| Guard Tower | 1 | 70 | / | 50 |
| Barracks | 1 | 160 | / | 60 |
| Altar of Kings | 1 | 180 | / | 50 |
| Blacksmith | 1 | 140 | / | 60 |
| Farm | 9 | 720 | / | 180 |
| Lumber Mill | 1 | 120 | / | 0 |
| Arcane Vault | 3 | 390 | / | 90 |
| Workshop | 1 | 140 | / | 140 |
| Keep | 1 | 320 | / | 210 |
| total: | 19 | 1910g | / | 620w |
| 0:02 | Peasant |
| 0:03 | Peasant |
| 0:22 | Peasant |
| 0:43 | Peasant |
| 0:52 | Barracks |
| 0:56 | Altar of Kings |
| 1:02 | Blacksmith |
| 1:03 | Peasant |
| 1:03 | Peasant |
| 1:06 | Farm |
| 1:12 | Farm |
| 1:32 | Peasant |
| 1:49 | Scout Tower |
| 2:03 | Farm |
| 2:10 | Peasant |
| 2:10 | Peasant |
| 2:19 | Arcane Tower |
| 2:32 | Peasant |
| 2:34 | Rifleman |
| 2:43 | Farm |
| 2:56 | Rifleman |
| 3:12 | Rifleman |
| 3:20 | Holy Light |
| 3:50 | Rifleman |
| 4:03 | Rifleman |
| 4:31 | Rifleman |
| 4:48 | Farm |
| 4:49 | Farm |
| 4:52 | Black Gunpowder |
| 4:52 | Studded Leather Armor |
| 5:57 | Rifleman |
| 5:57 | Rifleman |
| 6:15 | Keep |
| 6:43 | Farm |
| 6:48 | Lumber Mill |
| 6:54 | Arcane Vault |
| 7:34 | Scout Tower |
| 7:36 | Rifleman |
| 8:02 | Guard Tower |
| 8:17 | Devotion Aura |
| 8:23 | Scroll of Town Portal |
| 8:52 | Workshop |
| 8:53 | Long Rifles |
| 9:45 | Arcane Vault |
| 9:46 | Rifleman |
| 10:09 | Banish |
| 10:40 | Rifleman |
| 10:40 | Rifleman |
| 11:01 | Mortar Team |
| 11:01 | Mortar Team |
| 11:11 | Farm |
| 11:12 | Farm |
| 11:23 | Holy Light |
| 11:32 | Scroll of Town Portal |
| 12:03 | Mortar Team |
| 12:19 | Arcane Vault |
| 13:21 | Scroll of Town Portal |
| 13:48 | Mortar Team |
| 14:27 | Mortar Team |
| 14:33 | Flame Strike |
| 15:29 | Rifleman |
| 15:29 | Rifleman |
| 15:35 | Scroll of Regeneration |
| 16:00 | Potion of Healing |


| Scroll of Town Portal | 1 | 350 |
| total: | 1 | 350g |
| Peasant | 9 | 675 | / | 0 |
| Footman | 11 | 1485 | / | 0 |
| Sorceress | 1 | 155 | / | 20 |
| Spell Breaker | 5 | 1075 | / | 150 |
| Priest | 4 | 540 | / | 40 |
| Knight | 3 | 735 | / | 180 |
| total: | 33 | 4665g | / | 390w |
| Scout Tower | 2 | 60 | / | 40 |
| Arcane Tower | 1 | 70 | / | 50 |
| Guard Tower | 1 | 70 | / | 50 |
| Altar of Kings | 1 | 180 | / | 50 |
| Farm | 10 | 800 | / | 200 |
| Barracks | 2 | 320 | / | 120 |
| Lumber Mill | 1 | 120 | / | 0 |
| Arcane Vault | 1 | 130 | / | 30 |
| Blacksmith | 1 | 140 | / | 60 |
| Arcane Sanctum | 2 | 300 | / | 280 |
| Keep | 1 | 320 | / | 210 |
| Castle | 1 | 360 | / | 210 |
| total: | 20 | 2050g | / | 780w |
| 0:04 | Peasant |
| 0:04 | Peasant |
| 0:09 | Altar of Kings |
| 0:14 | Farm |
| 0:34 | Peasant |
| 0:47 | Peasant |
| 0:55 | Barracks |
| 1:08 | Farm |
| 1:10 | Peasant |
| 1:17 | Lumber Mill |
| 1:22 | Peasant |
| 1:47 | Peasant |
| 1:50 | Farm |
| 2:00 | Scout Tower |
| 2:07 | Footman |
| 2:15 | Summon Water Elemental |
| 2:25 | Footman |
| 2:28 | Arcane Tower |
| 2:33 | Farm |
| 2:34 | Peasant |
| 2:34 | Peasant |
| 2:51 | Footman |
| 3:23 | Footman |
| 3:31 | Footman |
| 4:02 | Keep |
| 4:14 | Footman |
| 4:31 | Arcane Vault |
| 4:36 | Footman |
| 4:37 | Footman |
| 4:55 | Farm |
| 4:58 | Blacksmith |
| 5:14 | Scout Tower |
| 5:48 | Guard Tower |
| 5:52 | Farm |
| 5:53 | Footman |
| 6:13 | Brilliance Aura |
| 6:45 | Arcane Sanctum |
| 6:48 | Farm |
| 6:52 | Arcane Sanctum |
| 7:21 | Footman |
| 7:26 | Storm Bolt |
| 7:38 | Farm |
| 7:39 | Improved Lumber Harvesting |
| 8:01 | Sorceress |
| 8:05 | Farm |
| 8:06 | Footman |
| 8:34 | Summon Water Elemental |
| 8:46 | Spell Breaker |
| 8:51 | Castle |
| 9:54 | Bash |
| 10:24 | Priest |
| 10:26 | Spell Breaker |
| 10:35 | Farm |
| 11:19 | Knight |
| 11:21 | Spell Breaker |
| 11:22 | Priest |
| 11:57 | Priest Adept Training |
| 11:59 | Priest |
| 12:32 | Knight |
| 12:34 | Spell Breaker |
| 13:08 | Priest Master Training |
| 13:10 | Animal War Training |
| 13:38 | Scroll of Town Portal |
| 13:58 | Defend |
| 14:05 | Sundering Blades |
| 14:54 | Knight |
| 14:57 | Barracks |
| 14:59 | Priest |
| 15:16 | Spell Breaker |